 Dungeon Crawl Stone Soup version 0.17-a0-1984-g55f5988 (webtiles) character file.

876 Ordine the Cruncher (level 7, -1/56 HPs)
             Began as a Minotaur Gladiator on Oct 6, 2015.
             Slain by a yak (4 damage)
             ... on level 4 of the Dungeon.
             The game lasted 00:08:46 (3601 turns).

Ordine the Cruncher (Minotaur Gladiator)            Turns: 3601, Time: 00:08:46

Health: -1/56      AC: 11    Str: 19    XL:     7   Next: 74%
Magic:  6/6        EV:  8    Int: 10    God:
Gold:   260        SH:  0    Dex: 13    Spells: 0 memorised, 6 levels left

rFire  . . .     SeeInvis +     a - +0 quarterstaff
rCold  . . .     Clarity  .     w - +0 chain mail
rNeg   . . .     SustAt   .     (no shield)
rPois  .         Gourm    .     c - +1 hat
rElec  .         Spirit   .     q - +0 cloak
rCorr  .         Warding  .     (no gloves)
rMut   .         Stasis   .     p - +0 pair of boots
MR     .....                    (no amulet)
Stlth  ..........               u - ring of see invisible
                                m - +5 ring of intelligence

@: not resistant to hostile enchantments, extremely unstealthy
A: retaliatory headbutt, horns 2
a: no special abilities


You were on level 4 of the Dungeon.
You were hungry.

You visited 1 branch of the dungeon, and saw 4 of its levels.

You collected 260 gold pieces.

Inventory:

Hand Weapons
 a - a +0 quarterstaff (weapon)
Missiles
 d - 3 throwing nets (quivered)
Armour
 c - a +1 hat (worn)
 p - a +0 pair of boots (worn)
 q - a +0 cloak (worn)
 w - a +0 chain mail (worn)
Magical Staves
 g - an uncursed staff of earth
Jewellery
 m - a +5 ring of intelligence (left hand)
 u - a ring of see invisible (right hand)
Scrolls
 s - a scroll of teleportation
 t - a scroll of remove curse
 v - 2 scrolls of blinking
Potions
 f - a potion of cure mutation {unknown}
 l - a potion of cancellation
 n - a potion of magic {unknown}
 r - 2 potions of degeneration {unknown}
Comestibles
 e - 3 bread rations
 j - 4 meat rations
 k - 4 slices of pizza


   Skills:
 - Level 2.4 Fighting
 + Level 11.0 Staves
 - Level 2.0 Throwing
 - Level 3.2 Dodging


You had 6 spell levels left.
You didn't know any spells.

Dungeon Overview and Level Annotations

Branches:
Dungeon (4/15)
 Temple: D:4-7

Altars:
Kikubaaqudgha
Sif Muna


Innate Abilities, Weirdness & Mutations

You reflexively headbutt those who attack you in melee.
You have a pair of horns on your head.


Message History

Drink which item? (? for menu, Esc to quit)
You feel better. The yak gores you.
* * * LOW HITPOINT WARNING * * *
The yak gores you but does no damage.
Drink which item? (? for menu, Esc to quit)
You feel better. The yak gores you!
* * * LOW HITPOINT WARNING * * *
The yak gores you but does no damage.
You are too injured to fight recklessly!
You are too injured to fight recklessly!
You are too injured to fight recklessly!
You are too injured to fight recklessly!
You barely miss the yak. You headbutt the yak.
The yak is moderately wounded.
The yak gores you.
* * * LOW HITPOINT WARNING * * *
You hit the yak but do no damage.
The yak is moderately wounded.
The yak gores you but does no damage. The yak gores you.
You die...

...........# #.. #.
.........### #.. # #.#
.#######..# ##(. ##. ..
#..###... #..##.
#........ ....# #...##.##
#...## ##......# #...##
#.....#### #†@.#
#.)>)....# ##YY#
###..)......
#.$####.........#.
..######...............##
.......$........#......#
#...#.........###......#
# #....................#
#...#.........###......#
..# #.........# #......#


You could see 2 yaks.

Vanquished Creatures
  2 yaks (D:4)
  The ghost of Shredu92 the Skirmisher, an amateur VSFi (D:4)
  A giant frog (D:3)
  A scorpion (D:4)
  A hound (D:4)
  A giant frog skeleton (D:4)
  A centaur skeleton (D:4)
  An orc priest (D:4)
  Terence (D:3)
  An orc wizard (D:4)
  2 gnolls (D:3)
  7 adders
  2 oozes (D:3)
  A worm (D:2)
  5 giant geckos
  14 orcs
  7 bats
  8 giant cockroaches
  6 goblins
  17 hobgoblins
  2 quokkas (D:2)
  A ball python (D:1)
  5 giant newts
  8 kobolds
  13 rats
109 creatures vanquished.

Notes
Turn   | Place    | Note
--------------------------------------------------------------
     0 | D:1      | Ordine the Minotaur Gladiator began the quest for the Orb.
     0 | D:1      | Reached XP level 1. HP: 18/18 MP: 0/0
    41 | D:1      | Reached skill level 4 in Staves
    90 | D:1      | Reached XP level 2. HP: 25/25 MP: 1/1
   564 | D:1      | Reached skill level 5 in Staves
   770 | D:2      | Reached XP level 3. HP: 25/30 MP: 2/2
  1086 | D:2      | Found a deep blue altar of Sif Muna.
  1421 | D:2      | Reached XP level 4. HP: 28/37 MP: 3/3
  1529 | D:2      | Reached skill level 6 in Staves
  2210 | D:3      | Found an ancient bone altar of Kikubaaqudgha.
  2255 | D:3      | Found a faded altar to an unknown god.
  2425 | D:3      | Reached XP level 5. HP: 29/42 MP: 4/4
  2436 | D:3      | Reached skill level 7 in Staves
  2664 | D:3      | Noticed Terence
  2684 | D:3      | Killed Terence
  2720 | D:3      | Noticed a giant frog
  2731 | D:3      | Killed a giant frog
  2731 | D:3      | Reached skill level 8 in Staves
  2798 | D:3      | Reached XP level 6. HP: 20/50 MP: 5/5
  2988 | D:4      | Reached skill level 9 in Staves
  3185 | D:4      | Noticed Shredu92's ghost (amateur VSFi)
  3198 | D:4      | Killed Shredu92's ghost
  3198 | D:4      | Reached XP level 7. HP: 24/56 MP: 6/6
  3568 | D:4      | Noticed a yak
  3569 | D:4      | Noticed a yak
  3570 | D:4      | Noticed a yak
  3571 | D:4      | Noticed a yak
  3582 | D:4      | Killed a yak
  3582 | D:4      | Reached skill level 10 in Staves
  3596 | D:4      | Killed a yak
  3596 | D:4      | Reached skill level 11 in Staves
  3601 | D:4      | Slain by a yak

Vault maps used:
D:1:      lordsloth_arrival_two_stooges, minmay_bisected
D:2:      lemuel_blue_sif_altar
D:3:      nicolae_overflow_crystal_walls, ecumenical_altar_1, roderic_lattice_a,
          uniq_terence
D:4:      lemuel_crystal_altar, minmay_temple_entry_junction, first_bread,
          serial_shops, shop

Action                   |  1- 3 |  4- 6 |  7- 9 || total
-------------------------+-------+-------+-------++-------
Melee: Quarterstaff      |    88 |   168 |    28 ||   284
  Use: Scroll            |     9 |       |       ||     9
       Potion            |       |     2 |     4 ||     6
 Stab: Distracted        |       |     1 |       ||     1
  Eat: Chunk             |     2 |     5 |     1 ||     8
